[Event "Istanbul Open 2019"]
[Site "Istanbul"]
[Date "2019.08.30"]
[Round "6.19"]
[White "Menekse, Tuncay"]
[Black "Ulas, Berkay"]
[Result "0-1"]
[ECO "E62"]
[WhiteElo "1684"]
[BlackElo "1628"]
[Annotator "NA"]
[PlyCount "132"]
[EventDate "2019.08.26"]
[EventType "swiss"]
[EventCountry "TUR"]
[SourceTitle "playchess.com"]
[Source "ChessBase"]
[SourceQuality "1"]
[TimeControl "5400+30"]

1. d4 Nf6 2. c4 g6 3. Nf3 Bg7 4. g3 O-O 5. Bg2 c6 6. O-O d6 7. Nc3 Re8 8. e4 Qa5 9. Bd2 Qh5 10. Nh4 Qxd1 11. Raxd1 e5 12. dxe5 dxe5 13. a3 Be6 14. b3 Nbd7 15. Bg5 Bf8 16. Bc1 a5 17. Rfe1 Nc5 18. b4 axb4 19. axb4 Na4 20. Nxa4 Rxa4 21. b5 Bxc4 22. bxc6 bxc6 23. Bg5 Kg7 24. Nf3 h6 25. Bxf6+ Kxf6 26. Rc1 c5 27. Nd2 Bd3 28. Bf1 Bxf1 29. Kxf1 Rd8 30. Rc2 Rb8 31. f3 h5 32. Kg2 Rd4 33. Nc4 Rb4 34. Ne3 Rb3 35. Nd5+ Ke6 36. Re3 Rxe3 37. Nxe3 Bh6 38. Nc4 f6 39. Na5 Rd2+ 40. Rxd2 Bxd2 41. Nc4 Bc3 42. Kf2 f5 43. h3 Bd4+ 44. Ke2 Kf6 45. Nd6 Kg5 46. Nf7+ Kf6 47. Nd6 fxe4 48. fxe4 h4 49. g4 Ke6 50. Nc4 Kd7 51. Kd2 Kc6 52. Kc2 Kc7 53. Kd2 Ba1 54. Kc2 Kc6 55. Kb3 Kb5 56. Nd2 c4+ 57. Nxc4 Kc5 58. Nd2 Kd4 59. Nf3+ Kxe4 60. Nxh4 g5 61. Nf5 Kf3 62. Kc2 e4 63. Kd2 Be5 64. Ke1 e3 65. Nxe3 Kxe3 66. h4 Bg3+ 0-1

[Event "Istanbul Open 2019"]
[Site "Istanbul"]
[Date "2019.08.31"]
[Round "7.2"]
[White "Yaran, Siar"]
[Black "Ozsakallioglu, Okan"]
[Result "1-0"]
[ECO "D00"]
[WhiteElo "2209"]
[BlackElo "2324"]
[Annotator "NA"]
[PlyCount "87"]
[EventDate "2019.08.26"]
[EventType "swiss"]
[EventCountry "TUR"]
[SourceTitle "playchess.com"]
[Source "ChessBase"]
[SourceQuality "1"]
[TimeControl "5400+30"]

1. d4 Nf6 2. Nc3 d5 3. Bf4 g6 4. e3 a6 5. Nf3 Bg7 6. Bd3 {[%emt 0:04:30] D00: 1 d4 d5: Unusual lines} (6. Be2 O-O 7. h4 c5 8. dxc5 Nbd7 9. Nd2 Nxc5 10. h5 Nfe4 11. Ndxe4 Nxe4 12. Nxd5 Bxb2 13. hxg6 fxg6 14. Bc4 e6 {1-0 (102) Romanov,E (2619)-Torosyan,N (2371) Batumi 2018}) 6... c5 7. dxc5 Nbd7 $146 ({Predecessor:} 7... Qa5 8. O-O O-O 9. Be5 Qxc5 10. Bd4 Qd6 11. Be5 Qc5 12. Bd4 {½-½ (12) Huszar,G (1927)-Toth,T (1942) Hungary 2012}) 8. b4 (8. Na4 $11 {keeps the balance.}) 8... e5 $1 9. Nxe5 Nh5 10. g4 Nxe5 11. gxh5 Bg4 12. Bxe5 Bxd1 13. Bxg7 Rg8 14. h6 Bf3 15. Rg1 Qh4 16. Rg3 Qh5 ({But not} 16... Qxb4 $6 17. Rb1 $14) 17. Bf6 Kd7 ({Not} 17... Qxh2 18. Rxf3 Qh1+ {[%mdl 64] Double Attack} 19. Ke2 $18) 18. Rg5 (18. Ne2 $11 {remains equal.} Bxe2 19. Bxe2 Qxh2 20. Bg4+ Kc6 21. c4 dxc4 22. Bf3+ Kc7 23. Be5+ Kc8 24. Bg4+ Kd8 25. Rd1+ Ke8 26. Bf3) 18... Qxh2 19. Nxd5 (19. Be2 $1 $11 {was the only way to keep the balance.} Qh1+ 20. Kd2 Qxa1 21. Bxf3) 19... Qxh6 (19... Rae8 $17 20. Be2 Bxd5 21. Rxd5+ Kc8) 20. Kd2 ({White should play} 20. Be2 $15 Bxe2 21. Kxe2) 20... Rge8 21. Rag1 Qh2 22. Kc3 (22. Nb6+ $17 {only move.} Ke6 23. Bd4) 22... Bxd5 $15 (22... Ke6 $2 ) ({Don't blunder} 22... Qxf2 $2 23. Rf1 $18) (22... Re6 $19 23. Nb6+ Ke8) 23. Rxd5+ Ke6 24. Rh1 Qc7 25. Be5 Qxe5+ 26. Rxe5+ Kxe5 27. Rxh7 Kf6 28. Rh4 Rac8 29. Rf4+ Kg7 30. Kb3 Rc7 31. Rd4 Rh8 32. Ka4 Rh2 33. Rf4 Re7 34. Ka5 Rh6 35. a4 Kf8 36. Rf6 Ke8 37. Kb6 Kd8 38. Rd6+ Kc8 39. Bf5+ gxf5 40. Rxh6 Re8 41. Rf6 Re4 42. c3 Kb8 43. c6 Re7 44. Rh6 1-0

[Event "Istanbul Open 2019"]
[Site "Istanbul"]
[Date "2019.08.31"]
[Round "7.3"]
[White "Erdogan, Anil Berk"]
[Black "Nuri, Murad"]
[Result "1/2-1/2"]
[ECO "B70"]
[WhiteElo "2144"]
[BlackElo "2291"]
[Annotator "NA"]
[PlyCount "30"]
[EventDate "2019.08.26"]
[EventType "swiss"]
[EventCountry "TUR"]
[SourceTitle "playchess.com"]
[Source "ChessBase"]
[SourceQuality "1"]
[TimeControl "5400+30"]

1. e4 c5 2. Nf3 d6 3. d4 cxd4 4. Nxd4 Nf6 5. Nc3 g6 6. g3 Bg4 7. Qd3 Bg7 8. Bg2 Qc8 9. Bg5 (9. h3 $5 Bd7 10. f4 $11) 9... Nc6 10. Nxc6 bxc6 11. e5 dxe5 12. Qc4 O-O 13. Qxc6 Qb8 14. O-O $11 Qxb2 15. Rab1 Qxc2 1/2-1/2

[Event "Istanbul Open 2019"]
[Site "Istanbul"]
[Date "2019.08.31"]
[Round "7.5"]
[White "Darban, Morteza"]
[Black "Mohannad, Farhan"]
[Result "1-0"]
[ECO "A41"]
[WhiteElo "2280"]
[BlackElo "2151"]
[Annotator "ChessBase"]
[PlyCount "103"]
[EventDate "2019.08.26"]
[EventType "swiss"]
[EventCountry "TUR"]
[SourceTitle "playchess.com"]
[Source "ChessBase"]
[SourceQuality "1"]
[TimeControl "5400+30"]

1. c4 g6 2. Nc3 Bg7 3. g3 e5 4. Bg2 Ne7 5. Nf3 d6 6. d4 Nd7 7. O-O O-O 8. Qd2 Nb6 9. b3 Bg4 10. Bb2 Qc8 11. Rfd1 Rd8 12. d5 Bh3 13. Bh1 h6 14. e3 a5 15. Nb5 Nd7 16. Bc3 b6 17. Ne1 g5 18. Nd3 Bf5 19. e4 Bg6 20. f3 f5 21. Re1 Rf8 22. Bg2 g4 23. f4 fxe4 24. Bxe4 Bxe4 25. Rxe4 Ng6 26. Rf1 Nc5 27. Ree1 exf4 28. Bxg7 Kxg7 29. Nxf4 Ne5 30. Nd4 Kh7 31. Qc2+ Kg8 32. Rxe5 dxe5 33. Qg6+ Kh8 34. Qxh6+ Kg8 35. Qg5+ Kh7 36. Nde6 Nxe6 37. Nxe6 Rxf1+ 38. Kxf1 Qd7 39. Qh5+ Kg8 40. Qxg4+ Kh8 41. Qh5+ Kg8 42. Qg5+ Kh7 43. Qxe5 Rc8 44. h4 Qf7+ 45. Kg2 Qg6 46. Kh3 Kg8 47. Nxc7 Qf7 48. Ne6 Qf1+ 49. Kg4 Qd1+ 50. Kg5 Qd2+ 51. Kh5 Qd1+ 52. g4 1-0

[Event "Istanbul Open 2019"]
[Site "Istanbul"]
[Date "2019.08.31"]
[Round "7.6"]
[White "Ozbay, Ece"]
[Black "Yarashov, Azat"]
[Result "0-1"]
[ECO "B01"]
[WhiteElo "2125"]
[BlackElo "2156"]
[Annotator "ChessBase"]
[PlyCount "114"]
[EventDate "2019.08.26"]
[EventType "swiss"]
[EventCountry "TUR"]
[SourceTitle "playchess.com"]
[Source "ChessBase"]
[SourceQuality "1"]
[TimeControl "5400+30"]

1. e4 d5 2. exd5 Nf6 3. d4 Nxd5 4. Nf3 g6 5. Be2 Bg7 6. O-O O-O 7. c4 Nb6 8. h3 Bf5 9. Nc3 Nc6 10. Be3 e5 11. d5 Ne7 12. Qb3 Bc8 13. Rfd1 Nd7 14. c5 c6 15. dxc6 bxc6 16. Bc4 Nf5 17. Ne4 Nxe3 18. Qxe3 Qe7 19. Nd6 h6 20. Rd2 a5 21. Rad1 Nf6 22. Nxe5 Nd5 23. Nxc6 Qxe3 24. fxe3 Nxe3 25. Ne7+ Kh7 26. Bxf7 Rxf7 27. Nxf7 Nxd1 28. Rxd1 Bf8 29. Nxc8 Bxc5+ 30. Kh1 Rxc8 31. Rd7 Rb8 32. b3 Kg7 33. Ne5+ Kf6 34. Nc6 Rc8 35. Nxa5 Ra8 36. Nb7 Ba3 37. Rc7 Re8 38. Rc6+ Kg5 39. Rc2 h5 40. g3 h4 41. Kg2 Re3 42. gxh4+ Kxh4 43. Rc4+ Kg5 44. Rc2 Kh4 45. Rc4+ Kg5 46. Ra4 Be7 47. b4 Re4 48. a3 Kf4 49. Ra6 Re2+ 50. Kf1 Kf3 51. Rc6 Re3 52. Rc2 Bh4 53. Rc1 Rxa3 54. Nc5 Bg5 55. Rb1 Be3 56. Nb3 Ra2 57. Nc1 Rg2 0-1

[Event "Istanbul Open 2019"]
[Site "Istanbul"]
[Date "2019.08.31"]
[Round "7.7"]
[White "Mammadov, Sadig"]
[Black "Abishli, Oghuz"]
[Result "1-0"]
[ECO "B36"]
[WhiteElo "2243"]
[BlackElo "2038"]
[Annotator "ChessBase"]
[PlyCount "112"]
[EventDate "2019.08.26"]
[EventType "swiss"]
[EventCountry "TUR"]
[SourceTitle "playchess.com"]
[Source "ChessBase"]
[SourceQuality "1"]
[TimeControl "5400+30"]

1. e4 c5 2. Nf3 g6 3. d4 cxd4 4. Nxd4 Nc6 5. c4 Nf6 6. Nc3 d6 7. Be2 Nxd4 8. Qxd4 Bg7 9. Be3 O-O 10. Qd2 Bd7 11. O-O Bc6 12. f3 Nd7 13. b4 b6 14. Rab1 Rc8 15. Rfc1 h5 16. Nd5 e6 17. Nc3 Qe7 18. Nb5 Bxb5 19. cxb5 d5 20. exd5 exd5 21. Bf1 Qd6 22. Rd1 Nf6 23. Bd4 Rfd8 24. a4 Ne8 25. a5 Bxd4+ 26. Qxd4 Ng7 27. Re1 Nf5 28. Qe5 d4 29. Bd3 Ne3 30. Qxd6 Rxd6 31. Rbc1 Rxc1 32. Rxc1 Nd5 33. Rc4 Nf4 34. Bc2 Ne2+ 35. Kf2 Nc3 36. Bd3 Rd7 37. Ke1 Kf8 38. Kd2 Ke7 39. Rc6 Nd5 40. Be4 Nxb4 41. axb6 axb6 42. Rxb6 Nd5 43. Bxd5 Rxd5 44. Kd3 Rd7 45. Rc6 Rb7 46. Rc5 Rd7 47. b6 Rb7 48. Rc7+ Rxc7 49. bxc7 Kd7 50. Kxd4 Kxc7 51. Ke5 Kd7 52. Kf6 Ke8 53. h4 Kf8 54. f4 Kg8 55. f5 Kh7 56. Kxf7 Kh6 1-0

[Event "Istanbul Open 2019"]
[Site "Istanbul"]
[Date "2019.08.31"]
[Round "7.9"]
[White "Senyuz, Mustafa Zorbey"]
[Black "Eren, Ataberk"]
[Result "0-1"]
[ECO "E10"]
[WhiteElo "1844"]
[BlackElo "2254"]
[Annotator "ChessBase"]
[PlyCount "80"]
[EventDate "2019.08.26"]
[EventType "swiss"]
[EventCountry "TUR"]
[SourceTitle "playchess.com"]
[Source "ChessBase"]
[SourceQuality "1"]
[TimeControl "5400+30"]

1. d4 Nf6 2. c4 e6 3. Nf3 c5 4. Nc3 a6 5. e4 d5 6. e5 Ne4 7. Bd3 Nxc3 8. bxc3 dxc4 9. Bxc4 Be7 10. O-O O-O 11. a4 Nc6 12. Be3 cxd4 13. cxd4 Nb4 14. Qb3 Bd7 15. Bd2 a5 16. Bxb4 Bxb4 17. Rfd1 Qe7 18. h3 Rac8 19. Rd3 h6 20. Ne1 Rc7 21. Nc2 Rfc8 22. Ne3 Bc6 23. f4 Be4 24. Rdd1 Qh4 25. f5 Qg3 26. Rac1 Rxc4 27. Rxc4 Rxc4 28. Qxc4 Qxe3+ 29. Kf1 Be1 30. Qe2 Qxe2+ 31. Kxe2 Bb4 32. fxe6 fxe6 33. g3 Bc6 34. Rc1 Bxa4 35. Rc8+ Kh7 36. d5 exd5 37. e6 Kg6 38. Rc7 Bc6 39. Kd3 Kf6 40. g4 Be7 0-1

[Event "Istanbul Open 2019"]
[Site "Istanbul"]
[Date "2019.08.31"]
[Round "7.10"]
[White "Makaraci, Tunahan"]
[Black "Ozdemir, Serhan Berat"]
[Result "1/2-1/2"]
[ECO "B22"]
[WhiteElo "2064"]
[BlackElo "1978"]
[Annotator "NA"]
[PlyCount "81"]
[EventDate "2019.08.26"]
[EventType "swiss"]
[EventCountry "TUR"]
[SourceTitle "playchess.com"]
[Source "ChessBase"]
[SourceQuality "1"]
[TimeControl "5400+30"]

1. e4 c5 2. Nf3 e6 3. c3 Nf6 4. e5 Nd5 5. d4 cxd4 6. cxd4 d6 7. Bc4 Nc6 8. O-O Be7 9. Qe2 O-O 10. Qe4 Qc7 11. Na3 {[%emt 0:05:30] B22: Sicilian: 2 c3} (11. Bg5 dxe5 12. Bxe7 Ndxe7 13. dxe5 Ng6 14. Re1 Ncxe5 15. Nxe5 Nxe5 16. Qxe5 Qxc4 17. Nc3 b6 18. Re4 Qc6 {½-½ (42) Brandenburg,D (2503)-Fier,A (2581) Sarajevo 2010}) 11... dxe5 12. dxe5 $146 ({Predecessor:} 12. Nb5 Qb6 13. dxe5 a6 14. Nc3 Nxc3 15. bxc3 Rd8 16. Ng5 g6 17. Qh4 h5 18. Qe4 Qc5 {1-0 (33) Ek,A (2222)-Bol,F (2194) Agen 2018}) 12... Rd8 (12... Bxa3 $5 13. bxa3 Nce7 $14) 13. Nb5 Qb8 14. Nc3 (14. Rd1 $14) 14... Ncb4 (14... Nxc3 $11 {remains equal.} 15. bxc3 Qc7) 15. Bg5 Nxc3 16. bxc3 Nd5 17. Rfd1 Bd7 18. Bxd5 exd5 19. Qxd5 Bc6 20. Qxd8+ Bxd8 21. Rxd8+ Qxd8 22. Bxd8 Rxd8 23. Nd4 Rd5 24. f4 Rc5 25. Rb1 g5 26. fxg5 Rxe5 27. h4 Ra5 28. Nxc6 bxc6 29. Rb2 Kg7 30. Kf2 Ra4 31. g3 Rc4 32. Rb3 Ra4 33. Rb2 $11 ({White should play} 33. Ke3 $16) 33... Rc4 34. Rc2 Kg6 35. Ke3 f6 36. gxf6 Kxf6 37. Rf2+ Kg6 38. Kd3 Rg4 39. Rf3 Ra4 40. Rf2 Rg4 41. Rf3 1/2-1/2

[Event "Istanbul Open 2019"]
[Site "Istanbul"]
[Date "2019.08.31"]
[Round "7.11"]
[White "Sar, Can"]
[Black "Annaberdiyev, Babageldi"]
[Result "1-0"]
[ECO "B33"]
[WhiteElo "2003"]
[BlackElo "2242"]
[Annotator "ChessBase"]
[PlyCount "127"]
[EventDate "2019.08.26"]
[EventType "swiss"]
[EventCountry "TUR"]
[SourceTitle "playchess.com"]
[Source "ChessBase"]
[SourceQuality "1"]
[TimeControl "5400+30"]

1. e4 c5 2. Nf3 Nc6 3. d4 cxd4 4. Nxd4 Nf6 5. Nc3 e5 6. Ndb5 d6 7. Bg5 a6 8. Na3 b5 9. Nd5 Be7 10. Bxf6 Bxf6 11. c4 b4 12. Nc2 a5 13. g3 h5 14. h4 g6 15. Bg2 Bg7 16. Qd3 O-O 17. O-O Rb8 18. Rad1 Be6 19. b3 Rb7 20. Rfe1 Rd7 21. Qe3 Nd4 22. Nxd4 exd4 23. Qd2 Ra7 24. Nf4 Qb6 25. Ne2 Bg4 26. Kh2 d3 27. Nf4 Bc3 28. Qxd3 Bxd1 29. Rxd1 Qxf2 30. Qxd6 a4 31. e5 axb3 32. axb3 Ra2 33. e6 Rd2 34. exf7+ Rxf7 35. Qxg6+ Kf8 36. Rxd2 Qxd2 37. Qh6+ Ke7 38. Qe6+ Kf8 39. Qh6+ Ke7 40. Qe6+ Kf8 41. Qc8+ Kg7 42. Nxh5+ Kh7 43. Kh3 Qd7+ 44. Qxd7 Rxd7 45. Bd5 Ra7 46. Nf4 Be5 47. Nd3 Bb8 48. Nxb4 Rg7 49. g4 Re7 50. g5 Re3+ 51. Kg4 Rxb3 52. Nc6 Bd6 53. Nd4 Rg3+ 54. Kh5 Bc5 55. Nf5 Rg1 56. Bf7 Ba3 57. Bd5 Bc5 58. Be4 Bf2 59. Nd4+ Kg7 60. Ne6+ Kf7 61. Bd5 Rd1 62. g6+ Kg8 63. Kh6 Bxh4 64. Nd4+ 1-0

[Event "Istanbul Open 2019"]
[Site "Istanbul"]
[Date "2019.08.31"]
[Round "7.12"]
[White "Bayramov, Elvin"]
[Black "Yarar, Muammer Atakan"]
[Result "1-0"]
[ECO "B10"]
[WhiteElo "2198"]
[BlackElo "1779"]
[Annotator "ChessBase"]
[PlyCount "93"]
[EventDate "2019.08.26"]
[EventType "swiss"]
[EventCountry "TUR"]
[SourceTitle "playchess.com"]
[Source "ChessBase"]
[SourceQuality "1"]
[TimeControl "5400+30"]

1. e4 c6 2. c4 d5 3. exd5 cxd5 4. cxd5 Nf6 5. Nc3 a6 6. Qa4+ Nbd7 7. Nf3 g6 8. d6 exd6 9. d4 Bg7 10. Bf4 O-O 11. Be2 d5 12. O-O b5 13. Qb3 Nb6 14. a4 bxa4 15. Nxa4 Nxa4 16. Rxa4 a5 17. Rc1 Bd7 18. Raa1 Ra7 19. Bd6 Re8 20. Bc5 a4 21. Qa2 Ra8 22. Ne5 Bf8 23. Bxf8 Rxf8 24. Bf3 Be6 25. Rc6 Qa5 26. Qa3 Ne4 27. b4 Qb5 28. Bxe4 dxe4 29. Rc5 Qb7 30. Qc3 Rfd8 31. h4 Rd5 32. h5 Kg7 33. Ra3 Rxc5 34. dxc5 f6 35. Nc4 Qd5 36. h6+ Kxh6 37. Qc1+ Qg5 38. Qxg5+ Kxg5 39. Nd6 Kf4 40. b5 Ke5 41. b6 Bb3 42. Nb5 Rb8 43. Na7 Rb7 44. Ra1 Kd4 45. Rc1 a3 46. Nb5+ Kd3 47. Rc3+ 1-0

[Event "Istanbul Open 2019"]
[Site "Istanbul"]
[Date "2019.08.31"]
[Round "7.13"]
[White "Rahimli, Ilkin"]
[Black "Caglar, Ahmet Ata"]
[Result "1/2-1/2"]
[ECO "B21"]
[WhiteElo "1992"]
[BlackElo "2055"]
[Annotator "NA"]
[PlyCount "88"]
[EventDate "2019.08.26"]
[EventType "swiss"]
[EventCountry "TUR"]
[SourceTitle "playchess.com"]
[Source "ChessBase"]
[SourceQuality "1"]
[TimeControl "5400+30"]

1. e4 c5 2. f4 d5 3. exd5 Nf6 4. Bb5+ Bd7 5. Bxd7+ Qxd7 6. c4 e6 7. Qe2 Bd6 8. Nf3 Bxf4 9. O-O O-O 10. dxe6 fxe6 11. Nc3 Nc6 12. d3 Bxc1 13. Raxc1 Nd4 14. Nxd4 Qxd4+ 15. Kh1 $11 Ng4 16. Ne4 Ne5 17. Nf2 Rf5 18. g4 Rf4 19. Rce1 Raf8 20. Qxe5 Qxe5 21. Rxe5 Rxf2 22. Rxf2 Rxf2 23. Rxc5 Rxb2 24. a4 Kf7 25. Rc7+ Kg6 26. a5 a6 27. h3 h6 28. Kg1 Kf6 29. Rd7 Ra2 30. Rxb7 Rxa5 31. Kf2 Ra1 32. c5 a5 33. Ke3 a4 34. Kd4 a3 35. Ra7 a2 36. h4 g6 37. c6 h5 38. c7 Rc1 39. Rxa2 hxg4 40. Rf2+ Ke7 41. Rg2 Rxc7 42. Rxg4 Kf6 43. Rf4+ Ke7 44. Ke4 Rc1 1/2-1/2

[Event "Istanbul Open 2019"]
[Site "Istanbul"]
[Date "2019.08.31"]
[Round "7.14"]
[White "Duran, Esma Doga"]
[Black "Demirbas, Emre"]
[Result "1-0"]
[ECO "A05"]
[WhiteElo "2051"]
[BlackElo "1879"]
[Annotator "NA"]
[PlyCount "83"]
[EventDate "2019.08.26"]
[EventType "swiss"]
[EventCountry "TUR"]
[SourceTitle "playchess.com"]
[Source "ChessBase"]
[SourceQuality "1"]
[TimeControl "5400+30"]

1. Nf3 Nf6 2. g3 b5 3. Bg2 Bb7 4. O-O e6 5. c4 b4 6. d4 Be7 7. a3 a5 $14 8. Nbd2 O-O 9. Qc2 c5 10. e4 cxd4 11. e5 Ne8 12. Nxd4 Bxg2 13. Kxg2 d6 14. axb4 dxe5 15. Qe4 Ra7 16. Nb5 Rd7 17. bxa5 Nf6 18. Qe2 Na6 19. Nf3 Qa8 20. Qxe5 Rd3 21. Qe2 Rfd8 22. Be3 Ng4 23. Rfd1 Ne5 24. Rxd3 Rxd3 25. Nbd4 g5 26. Kg1 Nxf3+ 27. Nxf3 Qe4 28. Nd2 Qf5 29. g4 Rxe3 30. fxe3 Qe5 31. Nf3 Qe4 32. Nd4 Bc5 33. Rd1 h5 34. gxh5 g4 35. Qf2 Bd6 36. Nf5 Bc5 37. Rd8+ Kh7 38. Nd4 f5 39. Rd7+ Kg8 40. h6 Nb4 41. h7+ Kh8 42. Rd8+ 1-0

[Event "Istanbul Open 2019"]
[Site "Istanbul"]
[Date "2019.08.31"]
[Round "7.15"]
[White "Ahmadov, Orkhan"]
[Black "Yalcinkaya, Efe"]
[Result "1/2-1/2"]
[ECO "D87"]
[WhiteElo "1615"]
[BlackElo "1542"]
[Annotator "NA"]
[PlyCount "78"]
[EventDate "2019.08.26"]
[EventType "swiss"]
[EventCountry "TUR"]
[SourceTitle "playchess.com"]
[Source "ChessBase"]
[SourceQuality "1"]
[TimeControl "5400+30"]

1. d4 Nf6 2. c4 g6 3. Nc3 d5 4. cxd5 Nxd5 5. e4 Nxc3 6. bxc3 Bg7 7. Bc4 c5 8. Ne2 O-O 9. Be3 Nc6 10. h4 h5 11. f3 Qa5 12. Kf2 Rd8 13. Qb3 cxd4 14. Bxf7+ Kh7 15. cxd4 Nxd4 16. Nxd4 Rxd4 17. Rad1 Rb4 18. Qd5 Rb2+ 19. Rd2 Rxd2+ 20. Bxd2 Qb6+ 21. Be3 Qb2+ 22. Qd2 Qxd2+ 23. Bxd2 Bd7 24. Rc1 Bc6 25. Bg5 Rd8 26. Rc2 Rd3 27. Rd2 Rxd2+ 28. Bxd2 Bf6 29. Bg5 Kg7 30. Bb3 Bd4+ 31. Be3 Bxe3+ 32. Kxe3 e5 33. g3 Kf6 34. f4 b5 35. a3 a5 36. Bc2 Bb7 37. Bb3 Bc6 38. Bc2 Bb7 39. Bb3 Bc6 1/2-1/2

[Event "Istanbul Open 2019"]
[Site "Istanbul"]
[Date "2019.08.31"]
[Round "7.16"]
[White "Ulas, Berkay"]
[Black "Pektas, Gokdeniz"]
[Result "0-1"]
[ECO "B30"]
[WhiteElo "1628"]
[BlackElo "1652"]
[Annotator "NA"]
[PlyCount "122"]
[EventDate "2019.08.26"]
[EventType "swiss"]
[EventCountry "TUR"]
[SourceTitle "playchess.com"]
[Source "ChessBase"]
[SourceQuality "1"]
[TimeControl "5400+30"]

1. e4 c5 2. Nf3 Nc6 3. Bb5 Qc7 4. O-O g6 5. Re1 Bg7 6. c3 a6 7. Bxc6 dxc6 8. h3 c4 9. d3 cxd3 10. Qxd3 Nf6 11. e5 Bf5 12. Qe2 Nd5 13. Nd4 Qc8 14. e6 Bxe6 15. Nxe6 Qxe6 16. Qxe6 fxe6 17. Rxe6 Kf7 18. Re1 b5 19. Na3 Nb6 20. Bg5 Rhe8 21. Rac1 Na4 22. Rc2 Rad8 23. Nb1 h6 24. Be3 Rd3 25. b3 Nxc3 26. Nxc3 Bxc3 27. Rec1 b4 28. Bxh6 Red8 29. Re2 R8d5 30. Rcc2 R3d4 31. Bc1 c5 32. Bb2 Rd1+ 33. Kh2 R5d3 34. Re4 R1d2 35. Re2 Rxe2 36. Rxe2 Bxb2 37. Rxb2 a5 38. g3 Ke6 39. Re2+ Kd6 40. Kg2 e5 41. Kf1 a4 42. bxa4 c4 43. Rc2 c3 44. Ke2 e4 45. h4 Kc5 46. Ke1 Kc4 47. Re2 Rd4 48. a5 b3 49. axb3+ Kxb3 50. a6 c2 51. Rxc2 Kxc2 52. Ke2 Ra4 53. Ke3 Kd1 54. a7 Ke1 55. f4 exf3 56. Kxf3 Rxa7 57. Kf4 Ra5 58. g4 Kf2 59. g5 Kg2 60. h5 Ra4+ 61. Ke5 gxh5 0-1

[Event "Istanbul Open 2019"]
[Site "Istanbul"]
[Date "2019.08.31"]
[Round "7.17"]
[White "Hakkaki Fard, Pedram"]
[Black "Aslan, Nevzat"]
[Result "1/2-1/2"]
[ECO "D00"]
[WhiteElo "1720"]
[BlackElo "1680"]
[Annotator "NA"]
[PlyCount "123"]
[EventDate "2019.08.26"]
[EventType "swiss"]
[EventCountry "TUR"]
[SourceTitle "playchess.com"]
[Source "ChessBase"]
[SourceQuality "1"]
[TimeControl "5400+30"]

1. d4 Nf6 2. Bf4 d5 3. e3 e6 4. Nd2 c5 5. c3 Bd6 6. Bg3 O-O 7. Bd3 b6 8. Ngf3 Ba6 9. Bxa6 Nxa6 10. Qe2 Nb8 11. e4 Bxg3 12. hxg3 dxe4 13. Nxe4 Nbd7 14. O-O-O Nxe4 15. Qxe4 Nf6 16. Qh4 Qd5 17. g4 Qe4 18. Ne5 cxd4 19. Rde1 Qf4+ 20. Kb1 Rfd8 21. g3 Qh6 22. Qxh6 gxh6 23. Rxh6 Kg7 24. Reh1 Rh8 25. cxd4 Rad8 26. g5 Ne4 27. R6h4 Nxg5 28. Rf4 f6 29. Ng4 Rhf8 30. Rc1 Rd7 31. Rc6 Nh3 32. Re4 Ng5 33. Rf4 h5 34. Ne3 Rfd8 35. d5 Rd6 36. Rc7+ R8d7 37. Rfc4 Kg6 38. dxe6 Nxe6 39. Rc8 Rd8 40. R8c6 R8d7 41. Rc8 Rd8 42. Rxd8 Rxd8 43. Re4 Rd6 44. f4 Ng7 45. Re7 Nf5 46. Nxf5 Kxf5 47. Rxa7 h4 48. gxh4 Kxf4 49. Rg7 Rd5 50. Rg6 Kf5 51. h5 Rd1+ 52. Kc2 Rh1 53. Rh6 Kg5 54. Rg6+ Kf5 55. Rh6 Kg5 56. Rh8 Rh2+ 57. Kc3 Rh3+ 58. Kd4 Rh2 59. h6 Rxb2 60. h7 Kg6 61. Rf8 Kxh7 62. Rxf6 1/2-1/2

[Event "Istanbul Open 2019"]
[Site "Istanbul"]
[Date "2019.08.31"]
[Round "7.18"]
[White "Can, Ilhan"]
[Black "Uyanik, Toygun"]
[Result "1-0"]
[ECO "C07"]
[WhiteElo "1683"]
[BlackElo "1566"]
[Annotator "NA"]
[PlyCount "99"]
[EventDate "2019.08.26"]
[EventType "swiss"]
[EventCountry "TUR"]
[SourceTitle "playchess.com"]
[Source "ChessBase"]
[SourceQuality "1"]
[TimeControl "5400+30"]

1. e4 e6 2. d4 d5 3. Nd2 c5 4. c3 Nc6 5. Ngf3 cxd4 6. Nxd4 Bd7 7. exd5 exd5 8. N2f3 Nf6 9. Bd3 Be7 10. O-O O-O 11. Re1 Bg4 12. Qa4 Nxd4 13. Nxd4 Bd6 14. Bg5 Bd7 15. Qc2 h6 16. Bxf6 Qxf6 17. Bf5 Be8 18. Rad1 g6 19. Bh3 Bc6 20. b4 Be5 21. a4 Rad8 22. b5 Bd7 23. Bxd7 Rxd7 24. Re3 Rc8 25. Qe2 Re7 26. Re1 Rce8 27. Nf3 Bd6 28. Qd3 Rxe3 29. Rxe3 Rxe3 30. Qxe3 Qf5 31. g3 b6 32. Kg2 Kg7 33. Qd4+ f6 34. c4 Bc5 35. Qxd5 Qc2 36. Qd7+ Kf8 37. Qc8+ Ke7 38. Qb7+ Kf8 39. Qb8+ Ke7 40. Qc7+ Kf8 41. Qd8+ Kf7 42. Qd7+ Kf8 43. Qd2 Qxc4 44. Qxh6+ Kf7 45. Qh7+ Kf8 46. Qxg6 Qe2 47. Qxf6+ Kg8 48. Ng5 Qh5 49. h4 Qe8 50. Qe6+ 1-0

[Event "Istanbul Open 2019"]
[Site "Istanbul"]
[Date "2019.08.31"]
[Round "7.19"]
[White "Goker, Abdulkadir"]
[Black "Rodriguez Fuentes, Kenan Rafael"]
[Result "1-0"]
[ECO "D74"]
[WhiteElo "1670"]
[BlackElo "1508"]
[Annotator "NA"]
[PlyCount "115"]
[EventDate "2019.08.26"]
[EventType "swiss"]
[EventCountry "TUR"]
[SourceTitle "playchess.com"]
[Source "ChessBase"]
[SourceQuality "1"]
[TimeControl "5400+30"]

1. d4 Nf6 2. c4 g6 3. Nf3 d5 4. g3 Bg7 5. Bg2 O-O 6. O-O c6 7. cxd5 Nxd5 8. Nc3 Nb6 9. Bf4 Bg4 10. Ne5 Be6 11. Rc1 N8d7 12. b3 Nxe5 13. Bxe5 Bxe5 14. dxe5 Qxd1 15. Rfxd1 Rfd8 16. Ne4 Nd7 17. f4 Bd5 18. Kf2 a5 19. Ng5 Nb6 20. e4 Be6 21. Nxe6 fxe6 22. Ke3 a4 23. Rxd8+ Rxd8 24. bxa4 Nxa4 25. Rc4 Ra8 26. Rc2 Nb6 27. Bf1 Ra3+ 28. Kd2 Kf7 29. Bd3 Na4 30. g4 b5 31. Rxc6 Rxa2+ 32. Rc2 Rxc2+ 33. Bxc2 Nc5 34. Kc3 Na6 35. Kd4 Ke8 36. Bd3 Nb4 37. Bxb5+ Kf8 38. Kc3 Na2+ 39. Kb2 Nb4 40. Kb3 Nd5 41. exd5 exd5 42. Kc3 e6 43. Kd4 Kf7 44. Bd3 Ke7 45. f5 gxf5 46. gxf5 exf5 47. Bxf5 h5 48. h4 Kd8 49. Kxd5 Ke7 50. Bg6 Kd7 51. Bxh5 Ke7 52. e6 Kd8 53. Kd6 Kc8 54. e7 Kb7 55. e8=Q Ka7 56. Qb5 Ka8 57. Bf3+ Ka7 58. Qb7# 1-0

[Event "Istanbul Open 2019"]
[Site "Istanbul"]
[Date "2019.08.31"]
[Round "8.3"]
[White "Yarashov, Azat"]
[Black "Darban, Morteza"]
[Result "1/2-1/2"]
[ECO "B11"]
[WhiteElo "2156"]
[BlackElo "2280"]
[Annotator "NA"]
[PlyCount "37"]
[EventDate "2019.08.26"]
[EventType "swiss"]
[EventCountry "TUR"]
[SourceTitle "playchess.com"]
[Source "ChessBase"]
[SourceQuality "1"]
[TimeControl "5400+30"]

1. e4 c6 2. Nc3 d5 3. Nf3 Nf6 4. e5 Ne4 5. d3 Nxc3 6. bxc3 c5 7. h3 Nc6 8. Qe2 e6 9. g3 Qa5 10. Bd2 Qa4 11. Qd1 h6 12. Bg2 Bd7 13. O-O Be7 14. Qb1 O-O-O 15. Qb3 Nb8 16. c4 dxc4 17. dxc4 Bc6 18. Bc3 b6 19. Rfd1 1/2-1/2

[Event "Istanbul Open 2019"]
[Site "Istanbul"]
[Date "2019.08.31"]
[Round "8.5"]
[White "Ozsakallioglu, Okan"]
[Black "Eren, Ataberk"]
[Result "0-1"]
[ECO "D19"]
[WhiteElo "2324"]
[BlackElo "2254"]
[Annotator "NA"]
[PlyCount "72"]
[EventDate "2019.08.26"]
[EventType "swiss"]
[EventCountry "TUR"]
[SourceTitle "playchess.com"]
[Source "ChessBase"]
[SourceQuality "1"]
[TimeControl "5400+30"]

1. d4 d5 2. Nf3 Nf6 3. c4 c6 4. Nc3 dxc4 5. a4 Bf5 6. e3 e6 7. Bxc4 Bb4 8. O-O Nbd7 9. Qe2 O-O 10. e4 Bg6 11. e5 Nd5 12. Nxd5 cxd5 13. Bd3 Bxd3 14. Qxd3 Be7 15. a5 a6 16. Bd2 Nb8 17. b4 Qd7 18. b5 Qxb5 19. Qxb5 axb5 20. Rfb1 b4 21. Bxb4 Bxb4 22. Rxb4 Nc6 23. Rxb7 Rxa5 24. Rxa5 Nxa5 25. Ra7 Nc4 26. h4 h6 27. g4 Rb8 28. g5 Nb2 29. h5 Nd3 30. g6 Rf8 31. Nh4 Nf4 32. gxf7+ Rxf7 33. Ra8+ Kh7 34. Re8 Nxh5 35. Rxe6 Rf4 36. Ng2 Rg4 0-1